 Dungeon Crawl Stone Soup version 0.20-a0-553-gbaa0004 (webtiles) character file.

666 useraccount the Poker (level 7, -5/56 HPs)
             Began as a Cyno Skald on Feb 5, 2017.
             Slain by Grinder (7 damage)
             ... on level 4 of the Dungeon.
             The game lasted 00:08:10 (5930 turns).

useraccount the Poker (Cyno Skald)                  Turns: 5930, Time: 00:08:11

Health: -5/56      AC:  5    Str: 18    XL:     7   Next: 9%
Magic:  12/13      EV: 12    Int: 13    God:
Gold:   177        SH:  0    Dex: 13    Spells: 5/14 levels left

rFire    . . .     SeeInvis .   a - +0 trident
rCold    . . .     Gourm    .   t - +0 ring mail
rNeg     . . .     Faith    .   (no shield)
rPois    .         Spirit   .   (no helmet)
rElec    .         Reflect  .   (no cloak)
rCorr    .         Harm     .   (no gloves)
MR       .....                  (no boots)
Stlth    +.........             j - amulet of magic regeneration
Regen    0.2/turn               (no ring)
                                (no ring)

@: mighty, heavily drained
A: short attention span, strong nose 1
a: no special abilities


You were on level 4 of the Dungeon.
You were not hungry.

You visited 1 branch of the dungeon, and saw 4 of its levels.
You also visited: Sewer.

You collected 177 gold pieces.

Inventory:

Hand Weapons
 a - a +0 trident (weapon)
Missiles
 m - 8 javelins (quivered)
Armour
 b - a +0 leather armour
 t - a +0 ring mail (worn)
Jewellery
 j - an amulet of magic regeneration (around neck)
Wands
 e - a wand of confusion (25/48)
Scrolls
 f - a scroll of teleportation {unknown}
 i - a scroll of remove curse
 l - 2 scrolls of recharging
 n - 2 scrolls of fear {unknown}
 o - a scroll of fog {unknown}
 x - a scroll of blinking {unknown}
Potions
 g - 2 potions of curing {unknown}
 h - a potion of magic
 r - a potion of berserk rage {unknown}
 s - 4 potions of flight {unknown}
 w - a potion of agility {unknown}
Books
 c - a book of Battle

   Spells                             Type                      Level
   a - Infusion                       Charms                       1
   b - Shroud of Golubria             Charms/Translocation         2
   c - Song of Slaying                Charms                       2
   d - Spectral Weapon                Hexes/Charms                 3
   e - Regeneration                   Charms/Necromancy            3
 q - a book of Maledictions

   Spells                             Type                      Level
   a - Corona                         Hexes                        1
   b - Ensorcelled Hibernation        Hexes/Ice                    2
   c - Confuse                        Hexes                        3
   d - Tukima's Dance                 Hexes                        3
   e - Dazzling Spray                 Conjuration/Hexes            3
Comestibles
 d - a bread ration
 k - 3 meat rations
 z - a royal jelly


   Skills:
 + Level 5.2(3.9) Fighting
 + Level 5.4(4.1) Polearms
 + Level 3.9(2.7) Armour
 - Level 4.0(2.7) Dodging
 - Level 4.0(2.8) Spellcasting
 + Level 3.6(2.4) Hexes
 - Level 4.0(2.7) Charms
 + Level 3.6(2.3) Necromancy


You had 5 spell levels left.
You knew the following spells:

 Your Spells              Type           Power        Failure   Level  Hunger
a - Infusion              Chrm           #...         14%         1    #......
b - Song of Slaying       Chrm           #.......     21%         2    ###....
c - Spectral Weapon       Hex/Chrm       #.......     47%         3    ###....
d - Regeneration          Chrm/Necr      #.........   47%         3    ###....


Dungeon Overview and Level Annotations

Branches:
Dungeon (4/15)
 Temple: D:4-7

Altars:
Ashenzari
Cheibriados
Dithmenos
Elyvilon
Vehumet
Zin

Annotations:
D:4 Grinder


Innate Abilities, Weirdness & Mutations

You have a short attention span.
You have a good sense of smell.


Message History

Grinder barely misses you.
You closely miss Grinder.
Grinder is lightly wounded.
Your spectral weapon hits Grinder from afar.
Grinder hits you!
* * * LOW HITPOINT WARNING * * *
You barely miss Grinder.
Grinder is moderately wounded.
Your spectral weapon hits Grinder from afar.
Grinder hits you but does no damage.
You puncture Grinder!
Grinder is severely wounded.
Your spectral weapon misses Grinder.
Grinder gestures at you. You resist with significant effort.
You closely miss Grinder.
Grinder is severely wounded.
Your spectral weapon hits Grinder from afar.
Grinder hits you!
You die...

...... #..# ......
#...## #...... #....
##.......
##...###........
#...............
#(....!.5......
#.....@......#
########.....(.....#
###...#...†..........#
.........###.........#
.......(## ##.........
.........## ##........
..........## ##....#..
...........# #.####.
...........## ##


You could see Grinder and a friendly spectral trident.

Vanquished Creatures
  Sigmund (D:2)
  Purgy (Sewer)
  The ghost of useraccount the Charmwright, a weakling CySk (D:3)
  3 orc priests (D:3)
  An orc wizard (D:3)
  4 gnolls (D:2)
  5 adders
  2 river rats (D:3)
  An ooze (D:1)
  4 worms
  A dart slug (D:2)
  5 leopard geckos
  12 orcs
  3 ball pythons
  12 bats
  5 giant cockroaches
  16 goblins
  12 hobgoblins
  8 jackals
  2 quokkas (D:3)
  8 frilled lizards
  6 kobolds
  6 rats
119 creatures vanquished.

Vanquished Creatures (others)
  A quokka (D:3)
  2 spectral weapons
3 creatures vanquished.

Grand Total: 122 creatures vanquished

Notes
Turn   | Place    | Note
-------+----------+-------------------------------------------
     0 | D:1      | useraccount the Cyno Skald began the quest for the Orb.
     0 | D:1      | Reached XP level 1. HP: 17/17 MP: 4/4
    98 | D:1      | Reached XP level 2. HP: 22/23 MP: 4/6
   107 | D:1      | Learned a level 2 spell: Song of Slaying
   602 | D:1      | Reached XP level 3. HP: 28/29 MP: 8/8
   609 | D:1      | Learned a level 3 spell: Spectral Weapon
   613 | D:1      | Learned a level 3 spell: Regeneration
  1119 | D:2      | Reached XP level 4. HP: 7/36 MP: 2/10
  1716 | D:2      | Noticed Sigmund
  2783 | D:2      | Killed Sigmund
  2783 | D:2      | Reached skill level 1 in Hexes
  2783 | D:2      | Reached XP level 5. HP: 30/43 MP: 8/11
  3708 | D:3      | Reached XP level 6. HP: 49/49 MP: 6/12
  3814 | D:3      | Found a shattered altar of Ashenzari.
  3888 | D:3      | Reached skill level 5 in Polearms
  3929 | D:3      | Found a glowing drain.
  3931 | D:3      | Found a snail-covered altar of Cheibriados.
  3954 | Sewer    | Entered a sewer
  4106 | Sewer    | Noticed Purgy
  4112 | Sewer    | Killed Purgy
  4112 | Sewer    | Reached skill level 5 in Fighting
  4774 | D:3      | Found a white marble altar of Elyvilon.
  4780 | D:3      | Noticed useraccount's ghost (weakling CySk)
  5326 | D:3      | Killed useraccount's ghost
  5326 | D:3      | Reached XP level 7. HP: 37/56 MP: 13/13
  5719 | D:3      | Found a glowing silver altar of Zin.
  5719 | D:3      | Found a faded altar of an unknown god.
  5724 | D:3      | Found a shadowy altar of Dithmenos.
  5730 | D:3      | Found a faded altar of an unknown god.
  5732 | D:3      | Found a radiant altar of Vehumet.
  5900 | D:4      | Noticed Grinder
  5909 | D:4      | Paralysed by Grinder for 4 turns
  5915 | D:4      | Paralysed by Grinder for 7 turns
  5921 | D:4      | HP: 2/56 [Grinder (1)]
  5927 | D:4      | HP: 1/56 [Grinder (7)]
  5930 | D:4      | Slain by Grinder

Vault maps used:
D:1:      eino_arrival_cavern_d, minmay_hexomino_c4
D:2:      kennysheep_the_goblin_king, first_bread, uniq_sigmund
D:3:      ashenzari_conservatory_becter, chequers_temple_overflow_minitemple,
          cheibriados_altar_1, elyvilon_altar_4, portal_sewer_entry_c,
          minmay_misc_feat_hallway
D:4:      minmay_temple_entry_overgrown,
          nicolae_dithmenos_through_a_glass_darkly, uniq_natasha, uniq_pikel,
          uniq_duvessa, uniq_grinder
Sewer:    sewer_co_purgy_island

Skill      XL: |  1  2  3  4  5  6 |
---------------+-------------------+-----
Dodging        | 3 4 |  4.0
Polearms       | 3 4 5 |  5.4
Fighting       | 3 4 5 |  5.2
Spellcasting   | 4 |  4.0
Armour         | 3 |  3.9
Hexes          | 1 2 3 |  3.6
Necromancy     | 2 3 |  3.6
Charms         | |  4.0

Action                   |  1- 3 |  4- 6 |  7- 9 || total
-------------------------+-------+-------+-------++-------
Melee: Spear             |   141 |   124 |       ||   265
       Trident           |       |   152 |    46 ||   198
 Cast: Infusion          |     7 |     8 |       ||    15
       Spectral Weapon   |     1 |    12 |     2 ||    15
       Regeneration      |       |     6 |       ||     6
       Song of Slaying   |       |     3 |       ||     3
  Use: Scroll            |       |     5 |       ||     5
       Potion            |       |       |     2 ||     2
 Stab: Sleeping          |     3 |     1 |       ||     4
       Distracted        |       |     1 |       ||     1
  Eat: Chunk             |     1 |    12 |     2 ||    15
       Bread ration      |       |     1 |       ||     1
Armor: Leather armour    |    30 |    29 |       ||    59
       Ring mail         |       |    28 |     9 ||    37
Dodge: Dodged            |    67 |   167 |    22 ||   256
